 Dungeon Crawl Stone Soup version 0.22-a0-799-g88f5e90 (webtiles) character file.

2067498 kuniqs the Talismancer (level 27, 294/294 HPs)
             Began as a Deep Dwarf Fighter on July 21, 2018.
             Was the Champion of Makhleb.
             Escaped with the Orb
             ... and 3 runes on July 22, 2018!
             The game lasted 02:08:44 (50211 turns).

kuniqs the Talismancer (Deep Dwarf Fighter)        Turns: 50211, Time: 02:08:45

Health: 294/294    AC: 49    Str: 28    XL:     27
Magic:  22/22      EV: 10    Int: 12    God:    Makhleb [******]
Gold:   2591       SH: 24    Dex: 10    Spells: 26/26 levels left

rFire    + + +     SeeInvis +   N - +9 broad axe (drain)
rCold    + + .     Gourm    +   z - +1 large shield "Lueblim" {Str+2}
rNeg     + + .     Faith    .   U - +9 gold dragon scales
rPois    +         Spirit   .   W - +2 helmet
rElec    +         Reflect  .   F - +2 cloak
rCorr    .         Harm     .   G - +2 pair of gloves
MR       ++...                  n - +0 pair of boots of the Thirsty Songs {rElec rC+ Regen+ Str-4}
Stlth    ..........             Y - amulet of the Countless Seas {Gourm rF+++}
HPRegen  0.00/turn              Z - ring of Faocs {+Blink rF+ MR+ SInv}
MPRegen  0.18/turn              X - ring of positive energy

@: vulnerable, non-regenerating
A: damage resistance, heal wounds, yellow scales 1, clumsy 1, mutation
resistance 1, negative energy resistance 1, sense surroundings 3, no
regeneration
0: Orb of Zot
}: 3/15 runes: barnacled, silver, gossamer
a: Heal Wounds, Minor Destruction, Lesser Servant of Makhleb, Major Destruction,
Greater Servant of Makhleb, Renounce Religion, Evoke Blink


You escaped.
You worshipped Makhleb.
Makhleb was exalted by your worship.
You were not hungry.

You visited 10 branches of the dungeon, and saw 50 of its levels.
You visited the Abyss 1 time.
You also visited: Bailey, Ice Cave and Volcano.

You collected 7423 gold pieces.
You spent 4832 gold pieces at shops.

Inventory:

Hand Weapons
 i - the +18 lance "Wyrmbane" {slay drac, rPois rF+ rC+ AC+3}
   (You found it on level 5 of the Vaults)

   It affects your AC (+3).
   It protects you from fire.
   It protects you from cold.
   It protects you from poison.
 N - a +9 broad axe of draining (weapon)
Missiles
 C - 3 throwing nets (quivered)
Armour
 n - the +0 pair of boots of the Thirsty Songs (worn) {rElec rC+ Regen+ Str-4}
   (You acquired it on level 3 of the Spider Nest)

   It affects your strength (-4).
   It protects you from cold.
   It insulates you from electricity.
   It increases your rate of regeneration.
 z - the +1 large shield "Lueblim" (worn) {Str+2}
   (You bought it in a shop on level 2 of the Orcish Mines)

   It affects your strength (+2).
 F - a +2 cloak (worn)
 G - a +2 pair of gloves (worn)
 U - +9 gold dragon scales (worn)
 W - a +2 helmet (worn)
Jewellery
 X - a ring of positive energy (right hand)
 Y - the amulet of the Countless Seas (around neck) {Gourm rF+++}
   (You bought it in a shop on level 15 of the Dungeon)

   [amulet of the gourmand]

   It allows you to eat raw meat even when not hungry.
   It renders you almost immune to fire.
 Z - the ring of Faocs (left hand) {+Blink rF+ MR+ SInv}
   (You took it off a deep elf blademaster on level 3 of the Elven Halls)

   [ring of see invisible]

   It protects you from fire.
   It affects your resistance to hostile enchantments.
   It lets you see invisible.
   It lets you blink.
Wands
 g - a wand of paralysis (73)
 y - a wand of acid (14)
 A - a wand of polymorph (38)
 H - a wand of enslavement (11)
 K - a wand of disintegration (47)
 M - a wand of digging (50)
 O - a wand of clouds (9)
 S - a wand of iceblast (6)
Scrolls
 e - 17 scrolls of teleportation
 h - 2 scrolls of summoning
 j - a scroll of enchant armour
 o - 8 scrolls of identify {@r1}
 p - 7 scrolls of fear
 u - 25 scrolls of remove curse {@r2}
 v - 11 scrolls of immolation
 x - 4 scrolls of vulnerability
 E - 4 scrolls of blinking
 I - 5 scrolls of holy word
 L - 9 scrolls of fog
 Q - 2 scrolls of magic mapping
 T - 3 scrolls of silence
Potions
 a - 3 potions of resistance
 c - 9 potions of flight
 d - 7 potions of might
 k - 5 potions of haste
 q - 12 potions of heal wounds
 s - 11 potions of curing {@q1}
 t - 4 potions of lignification
 w - 4 potions of invisibility
 B - 8 potions of cancellation
 D - 5 potions of agility
 V - 4 potions of mutation
Miscellaneous
 b - 6 sacks of spiders
 m - a phial of floods
 r - a lightning rod (4/4)
 J - 7 boxes of beasts
 P - 2 phantom mirrors
Comestibles
 f - 98 rations


   Skills:
 + Level 26.0 Fighting
 - Level 18.0(18.5) Axes
 - Level 6.7(12.2) Polearms
 - Level 22.0 Armour
 - Level 10.0 Dodging
 - Level 20.0 Shields
 - Level 8.0 Invocations
 O Level 27 Evocations


You had 26 spell levels left.
You didn't know any spells.
Your spell library was empty.

Dungeon Overview and Level Annotations

Branches:
Dungeon (15/15)            Temple (1/1) D:6            Lair (6/6) D:10
 Shoals (4/4) Lair:4       Spider (4/4) Lair:4        Slime (0/5) Lair:5
    Orc (2/2) D:9             Elf (3/3) Orc:2        Vaults (5/5) D:14
  Crypt (0/3) Vaults:3     Depths (5/5) D:15            Zot (5/5) Depths:5

Altars:
Ashenzari
Cheibriados
Dithmenos
Elyvilon
Fedhas
Gozag
Hepliaklqana
Kikubaaqudgha
Makhleb
Nemelex Xobeh
Okawaru
Qazlal
Ru
Sif Muna
Trog
Uskayaw
Vehumet
Wu Jian
Xom
Yredelemnul
Zin
The Shining One
Beogh
Jiyva

Shops:
D:14 *   D:15 *[*   Orc:1 (   Orc:2 [*(:   Elf:2 (   Shoals:1 (
Depths:1 =(*}}   Depths:3 !

Portals:
Hell: Depths:1 Depths:2 Depths:3 Depths:4 Depths:5
Abyss: Depths:1 Depths:4 Depths:5
Pandemonium: Depths:2 Depths:3
Ziggurat: Depths:1

Annotations:
D:10 exclusions: obsidian statue and orange crystal statue
D:11 1 exclusion
Spider:4 exclusion: Roxanne, Roxanne
Elf:2 3 runed doors
Vaults:2 3 runed doors, melvinkitnick's ghost, adept SpAs
Depths:3 3 runed doors, Vetux's ghost, legendary OpHu


Innate Abilities, Weirdness & Mutations

You are resistant to damage.
You can heal yourself by infusing magical energy.
You resist negative energy. (rN+)
You passively map a large area around you.
You do not regenerate.
You are partially covered in yellow scales. (AC +2)
You are clumsy. (Dex -2)
You are somewhat resistant to further mutation.


Message History

Ye block tha red devil's attack.
Tha red devil hops backward while attackin'.
Ye block tha red devil's attack.
Ye block tha red devil's attack.
Ye slash tha red devil!
Ye block tha red devil's attack.
Tha red devil hops backward while attackin'.
Tha red devil barely misses ye.
Ye see 'ere a scytha o' flamin'.
Ye hit tha red devil.
Ye block tha red devil's attack. x2
Ye barely miss tha red devil.
Ye block tha red devil's attack.
Ye slash tha red devil!
Ye kill tha red devil!
Makhleb accepts yer kill.
Ye feel better.
Ye be nay longer poison'd.
Ye block tha red devil's attack.
Ye see 'ere a trident o' venom.
Thar be a staircase leadin' outta tha dungeon 'ere.
Ye block tha red devil's attack.
Ye haf 'scaped!

#.###..##)#######.### #.# .##
##.....)).......# #.#
..###..##..###....#.# #.#
...#.#.##..# #.####.# #.#
....##.##..# #.####.########.#
†..........###...............#
....##..)..##...4....#########
..#.#####..##........#
..#.#####..#....@....#
...........##.......##
#.#######.###.......# #.#
#####.###).....##
#.###...........####
#.##...##.####### .......##.#
........>.# ###########


You could see a red devil.

Vanquished Creatures
  3 orbs of fire
  Mara (Depths:2)
  5 ancient liches (Zot:5)
  Bai Suzhen (Vaults:5)
  Boris (twice) (Vaults:3 Vaults:4)
  4 curse toes
  12 golden dragons
  3 Killer Klowns
  2 pandemonium lords
  the Enchantress (Depths:1)
  Arachne (Spider:2)
  4 electric golems
  A Tzitzimitl (D:8)
  A Brimstone Fiend (Depths:5)
  22 tentacled monstrosities
  3 liches
  23 Orb Guardians
  2 deep elf blademasters (Elf:3)
  5 titans (Vaults:5)
  7 quicksilver dragons
  An acid blob (Depths:3)
  2 deep elf master archers (Elf:3)
  3 sphinxes
  13 storm dragons
  10 death cobs
  2 krakens
  Agnes (D:14)
  16 shadow dragons
  8 draconian monks
  2 revenants (Depths:3)
  A tengu reaver (Vaults:5)
  8 frost giants
  A balrug (D:1)
  Aizul (Spider:2)
  An azure jelly (Depths:3)
  5 draconian knights
  15 vault wardens
  10 deep elf sorcerers
  11 fire giants
  An iron dragon (Vaults:5)
  7 ghost moths
  3 orc warlords
  A cacodemon (D:11)
  14 draconian shifters
  5 emperor scorpions
  3 draconian stormcallers
  6 draconian scorchers
  3 deep elf elementalists (Elf:3)
  7 draconian annihilators
  28 very ugly things
  3 spriggan defenders (Depths:1)
  18 stone giants
  A war gargoyle (Vaults:1)
  2 reapers
  A juggernaut skeleton (Depths:3)
  19 ironheart preservers
  5 vampire knights (Depths:3)
  10 deep elf demonologists
  8 green draconians
  An entropy weaver (Vaults:4)
  12 white draconians
  9 purple draconians
  7 red draconians
  12 black draconians
  11 deep elf annihilators
  12 yellow draconians
  11 spark wasps
  7 deep elf death magi
  16 ettins
  2 merfolk javelineers (Shoals:4)
  Josephine (D:14)
  7 fire dragons
  2 deep elf high priests (Depths:5)
  7 jiangshi
  4 death oozes (Depths:3)
  A quicksilver dragon zombie (Depths:3)
  4 merfolk impalers
  10 ogre magi
  15 yaktaur captains
  8 great orbs of eyes
  6 rakshasas
  A hell beast (Depths:5)
  7 ice dragons
  9 spriggan air magi
  32 vault guards
  4 merfolk avatars
  Harold (D:10)
  10 hydras
  3 death knights
  The ghost of KyrpaJooseppi the Destroyer, a journeyman DrFE of Vehumet (Orc:2)
  2 catoblepae (Lair:6)
  29 dancing weapons
  2 tengu warriors
  6 merfolk aquamancers
  8 death yaks
  41 two-headed ogres
  8 deep troll earth magi
  A satyr (Shoals:4)
  A thrashing horror (Abyss:2)
  15 centaur warriors
  14 deep troll shamans
  3 vampire magi
  7 spriggan berserkers
  3 orc high priests (Orc:2)
  17 deep elf knights
  2 soul eaters
  2 titan skeletons (Depths:3)
  3 sun demons
  4 shadow wraiths
  2 sixfirhies
  A fire crab (Shoals:4)
  23 hell knights
  2 skeletal warriors
  2 golden dragon zombies (Depths:3)
  4 iron trolls
  2 unseen horrors
  7 wizards
  A spark wasp zombie (Depths:3)
  A shadow demon (Depths:2)
  4 sea snakes
  40 deep trolls
  2 infernal demonspawn
  7 flayed ghosts
  19 deep elf archers
  7 glowing orange brains
  4 phantasmal warriors
  13 ironbrand convokers
  2 golden dragon skeletons (Depths:3)
  A tengu zombie (Vaults:1)
  A lindwurm (Lair:5)
  13 orb spiders
  18 orc knights
  7 necromancers
  2 fire giant zombies (Depths:3)
  2 large abominations
  3 harpies (Shoals:1)
  10 orc sorcerers
  A salamander (shapeshifter) (Vaults:1)
  9 cyclopes
  34 ugly things
  5 oklob plants
  21 moths of wrath
  4 fauns
  30 wolf spiders
  A stone giant zombie (Vaults:4)
  66 deep elf magi
  12 elephants
  12 merfolk sirens
  18 manticores
  2 black mambas (Lair:6)
  3 eyes of devastation (Depths:4)
  A guardian serpent (shapeshifter) (Vaults:3)
  2 rust devils
  A molten gargoyle (Volcano)
  19 vault sentinels
  2 fire giant skeletons (Depths:3)
  2 orange demons
  17 spiny frogs
  2 gargoyles
  3 water nymphs
  2 torpor snails
  63 yaktaurs
  2 hellions
  An efreet (D:5)
  9 komodo dragons
  A kobold demonologist (D:14)
  6 rime drakes
  A human skeleton (Vaults:1)
  A komodo dragon (shapeshifter) (Elf:3)
  9 freezing wraiths
  5 red devils
  11 demonic crawlers
  3 ice devils
  3 hellwings
  2 trolls (shapeshifter)
  18 polar bears
  A tengu conjurer (Depths:3)
  34 jumping spiders
  5 trolls
  6 meliai
  2 queen bees
  7 wind drakes
  A hornet (shapeshifter) (D:15)
  17 hornets
  Grinder (D:3)
  15 dream sheep
  A blink frog (shapeshifter) (Vaults:2)
  14 hippogriffs
  31 merfolk
  32 slime creatures
  15 blink frogs
  A dream sheep (shapeshifter) (Vaults:5)
  12 snapping turtles
  A shadow (D:15)
  An air elemental (Elf:2)
  4 flying skulls (Depths:3)
  A meliai zombie (D:15)
  2 spriggans
  23 tarantellas
  63 redbacks
  18 water elementals
  A centaur simulacrum (D:15)
  Sigmund (D:3)
  A vampire (D:13)
  5 wraiths
  3 wyverns
  A ynoxinul (Depths:3)
  A tarantella (shapeshifter) (Vaults:1)
  A steam dragon (D:9)
  4 fire elementals
  49 yaks
  A yak (shapeshifter) (Depths:4)
  3 hungry ghosts
  7 basilisks
  A chaos spawn (Zot:5)
  9 fire bats
  3 golden eyes (Depths:4)
  A yaktaur simulacrum (Vaults:1)
  4 vampire mosquitoes (D:12)
  A neqoxec (Depths:2)
  7 wargs
  3 acid dragons
  A naga (shapeshifter) (Elf:2)
  A water moccasin (shapeshifter) (Vaults:4)
  3 elf skeletons
  A soldier ant (shapeshifter) (Depths:1)
  13 water moccasins
  A deep troll skeleton (Vaults:4)
  5 floating eyes
  2 hell hounds (Volcano)
  9 porcupines
  A floating eye (shapeshifter) (Vaults:5)
  6 sky beasts
  An ettin simulacrum (Vaults:3)
  63 orc warriors
  10 ice beasts
  3 eyes of draining
  A swamp drake (D:9)
  4 boggarts
  27 ogres
  A boggart (shapeshifter) (Vaults:2)
  16 centaurs
  26 wolves
  15 crocodiles
  5 big kobolds
  7 human zombies
  19 bullfrogs
  A gnoll sergeant (D:6)
  4 earth elementals
  2 wyvern skeletons
  A scorpion (D:13)
  55 killer bees
  3 wights (D:12)
  4 howler monkeys
  A bullfrog zombie (D:10)
  2 electric eels
  11 crimson imps
  7 lava snakes (Volcano)
  A quasit (D:6)
  5 centaur zombies
  5 hounds
  2 bullfrog skeletons
  10 jellies
  A gnoll shaman (D:6)
  35 orc priests
  3 centaur skeletons
  An iron imp (D:7)
  Jessica (D:2)
  42 orc wizards
  5 iguanas
  10 worker ants
  2 hound zombies
  Robin (D:2)
  14 gnolls
  14 adders
  8 shadow imps
  2 ufetubi
  4 oozes
  2 adder skeletons (D:6)
  3 worms
  3 dart slugs
  5 leopard geckos
  122 orcs
  5 giant cockroaches
  17 goblins
  7 hobgoblins
  2 jackals (D:10)
  7 quokkas
  5 ball pythons (D:10)
  8 bats
  5 frilled lizards
  2 jackal skeletons
  A jackal zombie (D:6)
  34 kobolds
  9 rats
  2 bushes (D:15)
  3 crawling corpses
  A fungus (Lair:6)
  12 plants
  4 tentacles
2536 creatures vanquished.

Vanquished Creatures (collateral kills)
  A daeva (Depths:1)
  An angel (Depths:1)
  The ghost of MothsLongingForFire the Spear-Bearer, a journeyman DsMo of Yredelemnul (D:13)
  A hydra (Lair:6)
  A catoblepas (Lair:4)
  2 two-headed ogres
  6 ugly things (D:15)
  An elephant (Lair:2)
  A black mamba (Lair:2)
  A gargoyle (D:13)
  A centaur skeleton (D:10)
  3 hornets
  7 blink frogs
  A steam dragon (D:10)
  3 hell hounds
  A porcupine (Lair:2)
  3 orc warriors
  3 ogres (D:11)
  3 bullfrogs
  6 killer bees
  2 oklob saplings (D:10)
  2 orc priests
  An iguana (D:13)
  An adder (D:10)
  13 orcs
  A ball python (D:10)
  3 plants (D:10)
70 creatures vanquished.

Vanquished Creatures (others)
  Nikola (Elf:1)
  A quicksilver dragon (Zot:2)
  A draconian monk (Zot:2)
  A draconian knight (Zot:2)
  A deep elf elementalist (Vaults:5)
  A spark wasp (Spider:4)
  A centaur warrior (D:14)
  2 deep elf knights
  A hell knight (Depths:1)
  An unseen horror (shapeshifter) (Elf:2)
  A wizard (D:4)
  A necromancer (Vaults:4)
  2 deep elf magi (Elf:1)
  An orb spider (Spider:1)
  A cyclops (D:13)
  2 wolves (IceCv)
  An ogre (Vaults:4)
  4 centaurs
  A big kobold (D:14)
  An orc priest (D:13)
  A river rat (D:9)
  7 orcs
  5 kobolds
  4 bushes (D:15)
  14 fungi
  21 plants
  6 tentacles
84 creatures vanquished.

Grand Total: 2690 creatures vanquished

Notes
Turn   | Place    | Note
-------+----------+-------------------------------------------
     0 | D:1      | kuniqs the Deep Dwarf Fighter began the quest for the Orb.
     0 | D:1      | Reached XP level 1. HP: 20/20 MP: 1/1
   234 | D:1      | Reached XP level 2. HP: 27/27 MP: 2/2
   691 | D:2      | Reached skill level 1 in Dodging
   704 | D:2      | Noticed Jessica
   722 | D:2      | Killed Jessica
   722 | D:2      | Reached XP level 3. HP: 21/34 MP: 3/3
   738 | D:2      | Noticed Robin
   784 | D:2      | Killed Robin
   784 | D:2      | Reached XP level 4. HP: 36/42 MP: 4/4
   833 | D:2      | Found a basalt altar of Yredelemnul.
   989 | D:2      | Found a white marble altar of Elyvilon.
  1379 | D:2      | Found a bloodstained altar of Trog.
  1597 | D:3      | Noticed Grinder
  1601 | D:3      | Paralysed by Grinder for 5 turns
  1656 | D:4      | Reached XP level 5. HP: 37/49 MP: 5/5
  2036 | D:4      | Reached XP level 6. HP: 35/57 MP: 6/6
  2216 | D:4      | Found a bloodstained altar of Trog.
  2219 | D:4      | Noticed a wizard
  2225 | D:4      | Killed a wizard
  2363 | D:5      | Entered Level 5 of the Dungeon
  2374 | D:5      | Noticed a sky beast
  2392 | D:5      | Killed a sky beast
  2498 | D:6      | Reached XP level 7. HP: 54/64 MP: 6/6
  2554 | D:6      | Reached skill level 5 in Armour
  2554 | D:6      | Reached skill level 5 in Shields
  2593 | D:6      | Found a staircase to the Ecumenical Temple.
  2594 | D:6      | Noticed a yak
  2596 | D:6      | Noticed a yak
  2596 | D:6      | Noticed a yak
  2596 | D:6      | Noticed a yak
  2612 | D:6      | Killed a yak
  2642 | D:6      | Killed a yak
  2661 | D:6      | Killed a yak
  2661 | D:6      | Reached skill level 5 in Axes
  2661 | D:6      | Reached XP level 8. HP: 46/73 MP: 7/7
  2723 | Temple   | Entered the Ecumenical Temple
  3121 | D:6      | Reached skill level 5 in Fighting
  3177 | D:7      | Found a snail-covered altar of Cheibriados.
  3190 | D:7      | Reached skill level 5 in Dodging
  3293 | D:7      | Cast into level 2 of the Abyss (orc warrior)
  3365 | Abyss:2  | Noticed a large abomination
  3378 | Abyss:2  | Killed a large abomination
  3378 | Abyss:2  | Gained mutation: You passively map the area around you. [Deep Dwarf growth]
  3378 | Abyss:2  | Reached XP level 9. HP: 52/81 MP: 8/8
  3387 | Abyss:2  | Noticed a thrashing horror
  3388 | Abyss:2  | Noticed a thrashing horror
  3434 | Abyss:2  | Killed a thrashing horror
  3437 | D:7      | Escaped the Abyss
  3461 | D:7      | Found a sacrificial altar of Ru.
  3461 | D:7      | Found a burning altar of Makhleb.
  3469 | D:7      | Became a worshipper of Makhleb the Destroyer
  3475 | D:7      | Found an iron altar of Okawaru.
  3478 | D:7      | Found a deep blue altar of Sif Muna.
  3532 | D:7      | Reached skill level 1 in Invocations
  4410 | D:6      | Reached * piety under Makhleb
  4935 | D:5      | Reached XP level 10. HP: 81/92 MP: 6/6
  5491 | D:5      | Reached skill level 1 in Evocations
  5853 | D:3      | Noticed Sigmund
  5874 | D:3      | Killed Sigmund
  5935 | D:3      | Killed Grinder
  6127 | D:3      | Reached skill level 2 in Evocations
  6675 | D:8      | Reached ** piety under Makhleb
  6702 | D:8      | Noticed a two-headed ogre
  6732 | D:8      | Found a shimmering altar of Xom.
  6751 | D:8      | Reached skill level 3 in Evocations
  6809 | D:8      | Killed a two-headed ogre
  7245 | D:8      | Reached skill level 4 in Evocations
  7302 | D:8      | Reached skill level 5 in Invocations
  7421 | D:9      | Noticed a two-headed ogre
  7438 | D:9      | Killed a two-headed ogre
  7543 | D:9      | Reached XP level 11. HP: 84/100 MP: 9/9
  7572 | D:9      | Found a flagged portal.
  7581 | Bailey   | Entered a bailey
  7581 | Bailey   | Noticed an orc knight
  7581 | Bailey   | Noticed an orc knight
  8048 | D:9      | Found a shimmering altar of Xom.
  8048 | D:9      | Noticed a two-headed ogre
  8049 | D:9      | Found a shimmering altar of Xom.
  8049 | D:9      | Found a shimmering altar of Xom.
  8050 | D:9      | Found a shimmering altar of Xom.
  8139 | D:9      | Reached *** piety under Makhleb
  8340 | D:9      | Reached skill level 5 in Evocations
  8529 | D:9      | Found a staircase to the Orcish Mines.
  8569 | D:10     | Entered Level 10 of the Dungeon
  8593 | D:10     | Noticed Harold
  8622 | D:10     | Killed Harold
  8674 | D:10     | Found a basalt altar of Yredelemnul.
  8772 | D:10     | Found a staircase to the Lair.
  8898 | D:10     | Killed an unseen horror
  9010 | D:10     | Reached **** piety under Makhleb
  9205 | D:10     | Noticed an obsidian statue
  9206 | D:10     | Noticed a soul eater
  9206 | D:10     | ACK
  9382 | D:11     | Noticed an orc knight
  9418 | D:11     | an orc knight changed into a floating eye
  9513 | D:11     | Reached skill level 6 in Evocations
  9751 | D:11     | Noticed a two-headed ogre
  9762 | D:11     | Killed a two-headed ogre
  9956 | D:11     | Noticed a purple ugly thing
  9972 | D:11     | Killed a purple ugly thing
 10470 | D:10     | Noticed an orange crystal statue
 10582 | D:10     | Paralysed by a hornet for 3 turns
 10598 | D:10     | Found a blossoming altar of Fedhas.
 10695 | D:10     | You fall through a shaft for 3 floors!
 10700 | D:13     | Noticed a two-headed ogre
 10783 | Lair:1   | Entered Level 1 of the Lair of Beasts
 11078 | Lair:1   | Reached XP level 12. HP: 72/110 MP: 7/7
 11825 | Lair:2   | Reached skill level 7 in Evocations
 11979 | Lair:2   | Noticed a four-headed hydra
 11998 | Lair:2   | Killed a four-headed hydra
 12153 | Lair:2   | Reached skill level 10 in Shields
 12663 | Lair:3   | Reached skill level 10 in Armour
 13010 | Lair:3   | Reached skill level 8 in Evocations
 13197 | Lair:3   | Reached skill level 10 in Axes
 13372 | Lair:4   | Noticed a catoblepas
 13409 | Lair:4   | Killed a catoblepas
 13549 | Lair:4   | Reached skill level 10 in Dodging
 13613 | Lair:4   | Reached XP level 13. HP: 108/120 MP: 9/9
 13619 | Lair:4   | Found a hole to the Spider Nest.
 13682 | Lair:4   | Found a dark tunnel.
 13687 | Volcano  | Entered a volcano
 13958 | Volcano  | Found a radiant altar of Vehumet.
 13959 | Volcano  | YAY
 13966 | Volcano  | Reached skill level 9 in Evocations
 14187 | Lair:4   | Found a staircase to the Shoals.
 14568 | Lair:4   | Identified Sif Muna's Almanac of Displaced Transmigration
 14765 | Lair:5   | Found a bloodstained altar of Trog.
 15087 | Lair:5   | Reached ***** piety under Makhleb
 15196 | Lair:5   | Reached skill level 10 in Evocations
 15719 | Lair:5   | Found a viscous altar of Jiyva.
 15720 | Lair:5   | Found a staircase to the Slime Pits.
 16000 | Lair:6   | Entered Level 6 of the Lair of Beasts
 16030 | Lair:6   | Gained mutation: You resist negative energy. (rN+) [Deep Dwarf growth]
 16030 | Lair:6   | Reached XP level 14. HP: 130/130 MP: 12/12
 16108 | Lair:6   | Reached skill level 10 in Fighting
 16319 | Lair:6   | Reached skill level 11 in Evocations
 16974 | Lair:6   | Reached ****** piety under Makhleb
 17439 | D:12     | Identified the +7 chain mail "Ipudgh" {+Blink rN+} (You found it on level 12 of the Dungeon)
 17763 | D:12     | Reached skill level 12 in Evocations
 18103 | D:13     | Found a runed gate.
 18105 | D:13     | Found a runed gate.
 18105 | D:13     | Found a runed gate.
 18106 | D:13     | Noticed MothsLongingForFire's ghost (journeyman DsMo)
 18107 | D:13     | Found a roughly hewn altar of Beogh.
 18128 | D:13     | Killed MothsLongingForFire's ghost
 18188 | D:13     | Got an encrusted chain mail
 18364 | D:13     | Identified the cursed +0 chain mail of Ymozuz {rF+ Regen+ Str+6} (You took it off an orc warrior on level 13 of the Dungeon)
 18559 | D:14     | Noticed Agnes
 18571 | D:14     | Killed Agnes
 18587 | D:14     | Reached XP level 15. HP: 140/140 MP: 14/14
 18643 | D:14     | Found Zaguptem's Changing Room.
 18680 | D:14     | Bought a potion of mutation for 136 gold pieces
 18680 | D:14     | Bought a potion of lignification for 51 gold pieces
 18956 | D:14     | Noticed Josephine
 18966 | D:14     | Killed Josephine
 19261 | D:14     | Found a gate to the Vaults.
 19437 | D:15     | Entered Level 15 of the Dungeon
 19470 | D:15     | Found Nogov's Assorted Antiques.
 19473 | D:15     | Bought a scroll labeled QEXZOLENIE for 37 gold pieces
 19473 | D:15     | Bought a gilded ring for 185 gold pieces
 19607 | D:15     | Reached skill level 13 in Evocations
 19631 | D:15     | Found Estrem's Armour Emporium.
 19637 | D:15     | Found Raveiz's Assorted Antiques.
 19639 | D:15     | Bought a +2 helmet for 280 gold pieces
 19657 | D:15     | Bought a crooked gold wand for 120 gold pieces
 19657 | D:15     | Bought a scroll of enchant weapon for 225 gold pieces
 19657 | D:15     | Bought a pitted ivory amulet for 150 gold pieces
 19657 | D:15     | Bought a scroll of identify for 60 gold pieces
 19658 | D:15     | Identified the amulet of the Countless Seas {Gourm rF+++} (You bought it in a shop on level 15 of the Dungeon)
 20112 | D:15     | Found a staircase to the Depths.
 20459 | Orc:1    | Entered Level 1 of the Orcish Mines
 20459 | Orc:1    | Found Feinkesa's Antique Weapon Shoppe.
 20461 | Orc:1    | Found a frozen archway.
 20497 | IceCv    | Entered an ice cave
 20549 | IceCv    | Got an ancient amethyst amulet
 20817 | IceCv    | Noticed a frost giant
 20829 | IceCv    | Killed a frost giant
 21162 | Orc:2    | Entered Level 2 of the Orcish Mines
 21254 | Orc:2    | Found a staircase to the Elven Halls.
 21362 | Orc:2    | Found a transporter.
 21548 | Orc:2    | Noticed KyrpaJooseppi's ghost (journeyman DrFE)
 21554 | Orc:2    | Found a transporter.
 21580 | Orc:2    | Killed KyrpaJooseppi's ghost
 21581 | Orc:2    | Reached XP level 16. HP: 141/152 MP: 16/16
 21891 | Orc:2    | Reached skill level 14 in Evocations
 22268 | Orc:2    | Found Anirph's General Store.
 22269 | Orc:2    | Found Cufoaniwn's Book Boutique.
 22270 | Orc:2    | Found Patoubre's Antique Armour Shop.
 22270 | Orc:2    | Found Ohoclang's Antique Weapon Shop.
 22344 | Orc:2    | Gained mutation: Armour fits poorly on your strangely shaped body. [a neqoxec]
 22347 | Orc:2    | Gained mutation: You are clumsy. (Dex -2) [a neqoxec]
 22349 | Orc:2    | Lost mutation: Armour fits poorly on your strangely shaped body. [potion of mutation]
 22349 | Orc:2    | Lost mutation: You are clumsy. (Dex -2) [potion of mutation]
 22349 | Orc:2    | Gained mutation: Armour fits poorly on your strangely shaped body. [potion of mutation]
 22349 | Orc:2    | Gained mutation: You are robust. (+10% HP) [potion of mutation]
 22350 | Orc:2    | Lost mutation: You are robust. (+10% HP) [potion of mutation]
 22350 | Orc:2    | Lost mutation: Armour fits poorly on your strangely shaped body. [potion of mutation]
 22350 | Orc:2    | Gained mutation: Your flesh is heat resistant. (rF+) [potion of mutation]
 22350 | Orc:2    | Gained mutation: You are agile. (Dex +2) [potion of mutation]
 22350 | Orc:2    | Gained mutation: Scrolls take you a little longer to read. [potion of mutation]
 22350 | Orc:2    | Gained mutation: You are somewhat resistant to further mutation. [potion of mutation]
 22351 | Orc:2    | Lost mutation: You are agile. (Dex +2) [potion of mutation]
 22351 | Orc:2    | Lost mutation: Scrolls take you a little longer to read. [potion of mutation]
 22351 | Orc:2    | Lost mutation: Your flesh is heat resistant. (rF+) [potion of mutation]
 22351 | Orc:2    | Gained mutation: You are partially covered in yellow scales. (AC +2) [potion of mutation]
 22371 | Orc:2    | Found a roughly hewn altar of Beogh.
 22567 | Orc:2    | Bought a steaming large shield for 266 gold pieces
 22567 | Orc:2    | Bought a smoking chain mail for 266 gold pieces
 22832 | Spider:1 | Entered Level 1 of the Spider Nest
 24102 | Spider:2 | Noticed Arachne
 24115 | Spider:2 | Noticed Aizul
 24116 | Spider:2 | Killed Arachne
 24129 | Spider:2 | AAA
 24138 | Spider:2 | Killed Aizul
 24181 | Spider:2 | Identified the +1 large shield "Lueblim" {Str+2} (You bought it in a shop on level 2 of the Orcish Mines)
 24236 | Spider:2 | Identified the cursed +0 chain mail of the Pit {Int+2} (You bought it in a shop on level 2 of the Orcish Mines)
 24400 | Spider:2 | Identified the amulet of the Evil One {Gourm *Corrode +Fly MR+ Slay+4} (You found it in an ice cave)
 24523 | Spider:2 | You fall through a shaft!
 24532 | Spider:3 | Reached skill level 15 in Evocations
 24617 | Spider:3 | Reached XP level 17. HP: 162/162 MP: 17/17
 24727 | Spider:3 | Identified a scroll of acquirement
 24736 | Spider:3 | Identified the +0 pair of boots of the Thirsty Songs {rElec rC+ Regen+ Str-4} (You acquired it on level 3 of the Spider Nest)
 25222 | Spider:4 | Entered Level 4 of the Spider Nest
 25301 | Spider:4 | Reached skill level 15 in Shields
 25833 | Spider:4 | Reached skill level 15 in Armour
 25847 | Spider:4 | Reached skill level 15 in Axes
 25870 | Spider:4 | Got a gossamer rune of Zot
 26153 | Spider:4 | Noticed Roxanne
 26314 | Shoals:1 | Entered Level 1 of the Shoals
 26689 | Shoals:1 | Found a basalt altar of Yredelemnul.
 26708 | Shoals:1 | Reached skill level 16 in Evocations
 26743 | Shoals:1 | Found Gaczux's Antique Weapon Boutique.
 26800 | Shoals:1 | Found a snail-covered altar of Cheibriados.
 28039 | Shoals:3 | Noticed a kraken
 28060 | Shoals:3 | Killed a kraken
 28104 | Shoals:3 | Gained mutation: You passively map a large area around you. [Deep Dwarf growth]
 28104 | Shoals:3 | Reached XP level 18. HP: 136/172 MP: 19/19
 28397 | Shoals:4 | Entered Level 4 of the Shoals
 28649 | Shoals:4 | YEY
 28732 | Shoals:4 | Got a barnacled rune of Zot
 29696 | Vaults:1 | Entered Level 1 of the Vaults
 29979 | Vaults:1 | Reached skill level 17 in Evocations
 31044 | Vaults:2 | Noticed a Tzitzimitl
 31049 | Vaults:2 | Reached XP level 19. HP: 127/182 MP: 20/20
 31317 | Vaults:2 | Found a snail-covered altar of Cheibriados.
 31715 | Vaults:2 | Reached skill level 18 in Evocations
 31925 | Vaults:2 | Found a runed gate.
 31926 | Vaults:2 | Found a runed gate.
 31927 | Vaults:2 | Found a runed gate.
 31932 | Vaults:2 | Noticed melvinkitnick's ghost (adept SpAs)
 32387 | Vaults:3 | Noticed Boris
 32527 | Vaults:3 | Killed Boris
 33153 | Vaults:3 | Reached XP level 20. HP: 193/193 MP: 22/22
 33260 | Vaults:3 | Reached skill level 15 in Fighting
 33299 | Vaults:3 | Found a staircase to the Crypt.
 34097 | Vaults:4 | Reached skill level 19 in Evocations
 34258 | Vaults:4 | Noticed Boris
 34282 | Vaults:4 | Killed Boris
 35225 | Vaults:5 | Entered Level 5 of the Vaults
 35324 | Vaults:5 | Reached XP level 21. HP: 202/202 MP: 23/23
 35481 | Vaults:5 | Noticed a golden dragon
 35501 | Vaults:5 | Killed a golden dragon
 35527 | Vaults:5 | Reached skill level 20 in Evocations
 35708 | Vaults:5 | Found the +8 lance "Wyrmbane" {slay drac, rPois rF+ rC+ AC+3}
 36009 | Vaults:5 | Reached skill level 1 in Polearms
 36066 | Vaults:5 | Noticed Bai Suzhen
 36122 | Vaults:5 | Killed Bai Suzhen
 36176 | Vaults:5 | Noticed a golden dragon
 36200 | Vaults:5 | Killed a golden dragon
 36291 | Vaults:5 | Got a silver rune of Zot
 36414 | Vaults:5 | Reached XP level 22. HP: 206/214 MP: 25/25
 37346 | Elf:1    | Entered Level 1 of the Elven Halls
 37619 | Elf:1    | Noticed Nikola
 37629 | Elf:1    | Killed Nikola
 37969 | Elf:1    | Reached skill level 21 in Evocations
 38499 | Elf:2    | Found Wanoj's Antique Weapon Shoppe.
 38530 | Elf:2    | Found a runed gate.
 38530 | Elf:2    | Found a runed gate.
 38530 | Elf:2    | Found a runed gate.
 38539 | Elf:2    | Reached skill level 5 in Polearms
 38797 | Elf:3    | Entered Level 3 of the Elven Halls
 39682 | Elf:3    | Identified the ring "Isim" {*Tele Dex+3} (You took it off a deep elf demonologist on level 3 of the Elven Halls)
 39725 | Elf:3    | Reached XP level 23. HP: 224/224 MP: 24/24
 39728 | Elf:3    | Identified the ring of Faocs {+Blink rF+ MR+ SInv} (You took it off a deep elf blademaster on level 3 of the Elven Halls)
 39802 | Elf:3    | Found the +0 sword of Power
 39819 | Elf:3    | Got a fine iron ring
 39820 | Elf:3    | Identified the ring of the Mackerel {+Blink rF+ rC+ MP+9 Dex+3} (You found it on level 3 of the Elven Halls)
 40280 | Depths:1 | Entered Level 1 of the Depths
 40404 | Depths:1 | Found Vuleb's General Store.
 40413 | Depths:1 | Noticed the Enchantress
 40431 | Depths:1 | Killed the Enchantress
 40449 | Depths:1 | Identified the +5 faerie dragon scales {rF+ rCorr Dex+8 Slay-2} (You took it off the Enchantress on level 1 of the Depths)
 40526 | Depths:1 | Found Leor's Jewellery Emporium.
 40578 | Depths:1 | Reached skill level 22 in Evocations
 40675 | Depths:1 | Found a gateway to Hell.
 40702 | Depths:1 | Found Hajifurr's Gadget Boutique.
 40709 | Depths:1 | Found a gateway to a ziggurat.
 40729 | Depths:1 | Bought a box of beasts for 400 gold pieces
 40729 | Depths:1 | Bought a sack of spiders for 400 gold pieces
 40789 | Depths:1 | Found Milaaf's Gadget Emporium.
 40797 | Depths:1 | Bought a box of beasts for 360 gold pieces
 40797 | Depths:1 | Bought a wand of iceblast (10) for 252 gold pieces
 40797 | Depths:1 | Bought a wand of acid (7) for 396 gold pieces
 40926 | Depths:1 | Found a one-way gate to the infinite horrors of the Abyss.
 40945 | Depths:1 | Found Reshromeo's Antique Weapon Shoppe.
 41153 | Depths:2 | Noticed Mara
 41214 | Depths:2 | Killed Mara
 41311 | Depths:2 | Identified the Catalogue of Fiery Dark Secrets
 41311 | Depths:2 | Identified the Almanac of the Traveller
 42063 | Depths:2 | Found a one-way gate leading to the halls of Pandemonium.
 42224 | Depths:3 | Found a runed gate.
 42236 | Depths:3 | Found a runed gate.
 42237 | Depths:3 | Found a runed gate.
 42403 | Depths:3 | Found a runed gate.
 42403 | Depths:3 | Found a runed gate.
 42405 | Depths:3 | Found a runed gate.
 42422 | Depths:3 | Noticed Vetux's ghost (legendary OpHu)
 42493 | Depths:3 | Reached skill level 23 in Evocations
 42512 | Depths:3 | Reached XP level 24. HP: 236/236 MP: 25/25
 43106 | Depths:3 | Found a viscous altar of Jiyva.
 43163 | Depths:3 | Found Paiga's Distillery.
 43203 | Depths:3 | Bought a potion of experience for 800 gold pieces
 43203 | Depths:3 | Bought a potion of cancellation for 128 gold pieces
 43203 | Depths:3 | Bought a potion of haste for 160 gold pieces
 43203 | Depths:3 | Bought a potion of haste for 160 gold pieces
 43203 | Depths:3 | Reached XP level 25. HP: 245/247 MP: 25/25
 43836 | Depths:4 | Paralysed by a floating eye for 4 turns
 43891 | Depths:4 | Reached skill level 24 in Evocations
 44378 | Depths:5 | Entered Level 5 of the Depths
 44926 | Depths:5 | Reached XP level 26. HP: 259/259 MP: 26/26
 44934 | Depths:5 | Reached skill level 25 in Evocations
 45040 | Depths:5 | Found a gate to the Realm of Zot.
 45535 | Zot:1    | Entered Level 1 of the Realm of Zot
 46061 | Zot:2    | Noticed an orb of fire
 46076 | Zot:2    | Killed an orb of fire
 46076 | Zot:2    | Reached skill level 26 in Evocations
 46220 | Zot:2    | Found a huge runed gate.
 46220 | Zot:2    | Found a huge runed gate.
 46220 | Zot:2    | Found a huge runed gate.
 46220 | Zot:2    | Found a huge runed gate.
 46221 | Zot:2    | Found a huge runed gate.
 46222 | Zot:2    | Found a huge runed gate.
 46225 | Zot:2    | Found a huge runed gate.
 46225 | Zot:2    | Found a huge runed gate.
 46225 | Zot:2    | Found a huge runed gate.
 46225 | Zot:2    | Found a huge runed gate.
 46225 | Zot:2    | Found a huge runed gate.
 46226 | Zot:2    | Found a huge runed gate.
 46263 | Zot:2    | Found a huge runed gate.
 46263 | Zot:2    | Found a huge runed gate.
 46263 | Zot:2    | Found a huge runed gate.
 46263 | Zot:2    | Found a huge runed gate.
 46288 | Zot:2    | Noticed an orb of fire
 46324 | Zot:2    | Killed an orb of fire
 46397 | Zot:2    | Reached skill level 27 in Evocations
 46572 | Zot:2    | Reached XP level 27. HP: 110/273 MP: 2/27
 48501 | Zot:5    | Entered Level 5 of the Realm of Zot
 48677 | Zot:5    | Noticed an ancient lich
 48691 | Zot:5    | Killed an ancient lich
 48766 | Zot:5    | Noticed an ancient lich
 48789 | Zot:5    | Killed an ancient lich
 48833 | Zot:5    | Noticed an ancient lich
 48847 | Zot:5    | Killed an ancient lich
 49088 | Zot:5    | Noticed an ancient lich
 49111 | Zot:5    | Killed an ancient lich
 49189 | Zot:5    | Noticed an orb of fire
 49216 | Zot:5    | Gained mutation: You are clumsy. (Dex -2) [an orb of fire]
 49218 | Zot:5    | Killed an orb of fire
 49262 | Zot:5    | Got the Orb of Zot
 49336 | Zot:5    | Noticed an ancient lich
 49341 | Zot:5    | Killed an ancient lich
 49520 | Depths:5 | Noticed Xoobaurch the pandemonium lord
 49532 | Depths:5 | Killed Xoobaurch the pandemonium lord
 49679 | D:14     | Noticed Utzy the pandemonium lord
 49702 | D:13     | Noticed Zeghaalukk the pandemonium lord
 50161 | D:1      | Noticed Ruezitoi the pandemonium lord
 50178 | D:1      | Killed Ruezitoi the pandemonium lord
 50211 | D:$      | Escaped with the Orb!

Vault maps used:
D:1:      dpeg_arrival_orchard, minmay_misc_feat_diagonals
D:2:      lightli_temple_of_fire, elyvilon_altar_1, lemuel_doored_altar,
          uniq_jessica, uniq_robin
D:3:      wad_river_or_something, minmay_misc_feat_alley, uniq_sigmund,
          uniq_grinder
D:4:      kennysheep_spiral_hall, first_ration, trog_wizard
D:6:      minmay_temple_entry_glass
D:7:      grunt_temple_overflow_cloverleaf, slow_altar_1
D:8:      basic_altar, grunt_pizzeria
D:9:      xom_shifter_show, erik_orc_2, enter_bailey_2
D:10:     minmay_separated_statues, grunt_lair_entry_orc_guard_hut, basic_altar,
          introduction_to_nature_2, uniq_harold
D:11:     special_room, glass_columns_b, serial_bayou_lagoon_a, hex_medium
D:12:     spider_trap
D:13:     biasface_ghost_orc_armoury, lemuel_old_faithful
D:14:     erik_vaults_1, grunt_decor_arrowhead, nicolae_transmutations_shop,
          uniq_josephine, uniq_agnes
D:15:     grunt_enter_depths_magical_seal, serial_park_square2, serial_shops,
          shop, shop, shop
Temple:   dshaligram_water_room_temple
Lair:1:   serial_bayou_shore_b
Lair:2:   grunt_megastairs_5, minmay_lair_oklob_chamber
Lair:3:   special_room
Lair:4:   shoals_dummy_entry, spider_nest_entry_webs, enter_volcano_3,
          wad_woods_road_05
Lair:5:   regret_index_wax_grids, slime_altar_1, lemuel_oklob_altar,
          serial_bayou_shore_b, lemuel_fruit_fields
Lair:6:   grunt_lair_end_beastmaster, serial_bayou_pond_b, st_stairs_9
Shoals:1: nicolae_shoals_island_circles, serial_shops, shop,
          hangedman_feature_mirror
Shoals:4: shoals_end_hangedman, hangedman_shoal_volcano
Spider:2: uniq_arachne, uniq_aizul
Spider:4: spider_rune_water, uniq_roxanne
Orc:1:    portal_ice_cave_entry_ice_beasts, serial_shops, nicolae_shop_crystal
Orc:2:    st_orc_congregation, gammafunk_ghost_smash, abandoned_shop,
          mines2_david
Elf:1:    minmay_elf_sorcery, uniq_nikola
Elf:2:    serial_shops, shop, evilmike_ambush
Elf:3:    grunt_elf_hall_asides, grunt_megastairs_2
Vaults:1: grunt_vaults_focal, vaults_dpeg_hooks, nicolae_vaults_network_square,
          vaults_room_grunt_arrival_ludios, hangedman_vaults_corner_blocks,
          ontoclasm_vaults_bender, v_misc_17, st_squares,
          nicolae_vaults_what_the_h, serial_ice_g, dpeg_vaults_monster_box
Vaults:2: gammafunk_vaults_ghost_split, nicolae_vaults_little_squares_6,
          st_diamondy, vaults_room_door_ring, grunt_vaults_hallway_short,
          ontoclasm_vaults_ring_large, v_alt_pattern_6, v_misc_8,
          hangedman_vaults_maws, vaults_dpeg_ring, v_rooms_1, v_misc_9,
          v_misc_27, grunt_vaults_hallway_short, basic_altar
Vaults:3: ontoclasm_vaults_pinch, vaults_mumra_lcd,
          nicolae_vaults_fighting_squares, vaults_room_large_hall,
          nicolae_vaults_three_branches, nicolae_vaults_little_squares_3,
          vaults_standard_mumra_x, v_rooms_5, hangedman_vaults_locks,
          vaults_room_semicircle, hangedman_vaults_river_flow, v_misc_26,
          nicolae_vaults_ring_of_whatevers, blue_anna_dwarven_crypt,
          vaults_room_door_ring, uniq_boris
Vaults:4: hangedman_vaults_stream, v_misc_24, vaults_room_corners,
          vaults_room_boxed, v_alt_pattern_1, nicolae_vaults_shelves_hall,
          ontoclasm_vaults_shuriken, grunt_vaults_hallway_long, v_pattern_2,
          nicolae_vaults_network_s, nicolae_vaults_circle_grid_a,
          vaults_dpeg_encased_lava, uniq_boris
Vaults:5: uniq_bai_suzhen
Depths:1: enter_ziggurat_c, hell_entry, grunt_decor_fettered, serial_shops,
          shop, kennysheep_mini, shop, shop_statue, shop_statue,
          abyss_entry_small_statue_room, spider_trap, uniq_enchantress
Depths:2: minmay_the_grid_plus, minmay_misc_feat_hallway, pf_coc_iceberg,
          rand_demon_pan_entry_3, uniq_mara
Depths:3: hangedman_screamer, hangedman_decor_growths,
          ploomutoo_gammafunk_ghost_potion_laboratory, serial_shops,
          nicolae_shop_waterfront, special_room, hangedman_tar_grid_catacomb,
          rand_demon_pan_entry_1, grunt_ministairs_2,
          infiniplex_staircase_split_hallway
Depths:4: hangedman_surveillance_ring, serial_sigils,
          serial_sigils_hangedman_confine, serial_sigils_hangedman_shear,
          serial_sigils_hangedman_snap, serial_sigils_hangedman_snap,
          hell_entry, hangedman_abyss_entry_splay, minmay_staircase_statues
Depths:5: grunt_zot_entry_gee_three, abyss_entry, roderic_lattice_a, hell_entry,
          roderic_serpentine_path
Zot:2:    door_vault
Zot:4:    grunt_ministairs_8
Bailey:   bailey_polearm_4, bailey
IceCv:    ice_cave_caverns_03
Volcano:  volcano_grotto

Skill      XL: |  1  2  3  4  5  6  7  8  9 10 11 12 13 14 15 16 17 18 19 20 21 22 23 24 25 26 27 |
---------------+----------------------------------------------------------------------------------+-----
Dodging        | 1 2 3 4 5 6 7 8 10 | 10.0
Fighting       | 3 4 5 6 7 8 9 10 11 12 13 14 15 16 17 18 19 21 26 | 26.0
Axes           | 3 4 5 6 7 8 9 10 11 12 13 14 15 16 17 18 | 18.0
Armour         | 4 5 6 7 8 9 10 11 12 13 14 15 16 17 18 19 20 21 22 | 22.0
Shields        | 4 5 6 7 8 9 10 11 12 13 14 15 16 17 18 19 20 | 20.0
Invocations    | 3 5 7 8 |  8.0
Evocations     | 4 6 8 10 12 13 15 16 17 18 19 20 21 23 24 27 | 27.0
Polearms       | 3 6 |  6.7

Action                   |  1- 3 |  4- 6 |  7- 9 | 10-12 | 13-15 | 16-18 | 19-21 | 22-24 | 25-27 || total
-------------------------+-------+-------+-------+-------+-------+-------+-------+-------+-------++-------
Melee: War axe           |   117 |       |       |    84 |       |       |       |       |       ||   201
       Spear             |       |   191 |   577 |   584 |       |       |       |       |       ||  1352
       Trident           |       |       |       |  1072 |   143 |       |       |       |       ||  1215
       Broad axe         |       |       |       |       |  1344 |  1860 |  1305 |  1516 |  1777 ||  7802
       Lance             |       |       |       |       |       |       |   304 |       |    84 ||   388
Throw: Throwing net      |       |       |       |       |       |       |       |       |     8 ||     8
Invok: Minor Destruction |       |       |       |    81 |    81 |       |       |       |       ||   162
       Lesser Servant of |       |       |       |    16 |    16 |       |       |       |       ||    32
 Abil: Heal Wounds       |     1 |     1 |    18 |    15 |     8 |     3 |     7 |     3 |    21 ||    77
Evoke: Wand              |       |       |       |    12 |     1 |    67 |     3 |    54 |    51 ||   188
       Lightning rod     |       |       |       |       |     4 |    14 |     4 |     3 |       ||    25
       Box of beasts     |       |       |       |       |       |       |       |     2 |       ||     2
  Use: Scroll            |       |     8 |     3 |    20 |    14 |    13 |     3 |    13 |    22 ||    96
       Potion            |       |       |     3 |     3 |       |     9 |     4 |     2 |     8 ||    29
 Stab: Distracted        |       |       |       |     5 |     4 |       |       |     1 |     1 ||    11
       Held in net/web   |       |       |       |     1 |       |       |       |       |     7 ||     8
       Petrified         |       |       |       |       |    35 |       |       |       |       ||    35
       Petrifying        |       |       |       |       |     2 |       |       |       |       ||     2
       Paralysed         |       |       |       |       |       |    49 |       |     1 |    15 ||    65
       Confused          |       |       |       |       |       |       |       |       |     1 ||     1
  Eat: Chunk             |       |     5 |    10 |    26 |    47 |    35 |    20 |    23 |    22 ||   188
       Ration            |       |       |       |     3 |     1 |       |       |       |       ||     4
Armor: Scale mail        |    21 |       |       |       |       |       |       |       |       ||    21
       Plate armour      |    47 |    57 |   200 |   615 |   348 |       |       |       |       ||  1267
       Chain mail        |       |       |       |       |   347 |   907 |   588 |   516 |    43 ||  2401
       Gold dragon scale |       |       |       |       |       |       |       |       |  1104 ||  1104
       Skin              |       |       |       |       |       |       |       |       |    28 ||    28
Dodge: Dodged            |    24 |    11 |    63 |   254 |   461 |   570 |   402 |   346 |   505 ||  2636
Block: Shield            |    56 |    29 |       |       |       |       |       |       |       ||    85
       Large shield      |       |    42 |   504 |  1600 |  1792 |  2081 |  1507 |  1546 |  2080 || 11152
       Reflection        |       |       |    11 |    50 |    51 |       |       |       |       ||   112

Table legend:
 A = Spawn XP
 B = Non-spawn XP
 C = Spawn XP percentage of total XP
 D = Spawn monster count
 E = Non-spawn monster count
 F = Spawn count percentage of total count
 G = Total turns spent on level
                    A         B        C        D         E        F      G
               +---------+---------+-------+---------+---------+-------+---------
         Total |    1451 | 1633581 |   0.1 |       2 |    2569 |   0.1 | 50211
               +---------+---------+-------+---------+---------+-------+---------
           D:1 |       0 |      26 |   0.0 |       0 |      17 |   0.0 |   814
           D:2 |       0 |     147 |   0.0 |       0 |      43 |   0.0 |   786
           D:3 |       0 |     872 |   0.0 |       0 |      19 |   0.0 |   958
           D:4 |       0 |     292 |   0.0 |       0 |      15 |   0.0 |   756
           D:5 |       0 |     717 |   0.0 |       0 |      14 |   0.0 |   940
           D:6 |       0 |    2233 |   0.0 |       0 |      43 |   0.0 |  1192
           D:7 |       0 |     969 |   0.0 |       0 |      18 |   0.0 |  1070
           D:8 |       0 |    2912 |   0.0 |       0 |      39 |   0.0 |   926
           D:9 |       0 |    3890 |   0.0 |       0 |      53 |   0.0 |  1383
          D:10 |       0 |    3372 |   0.0 |       0 |      45 |   0.0 |  1415
          D:11 |       0 |    3121 |   0.0 |       0 |      38 |   0.0 |  1052
          D:12 |       0 |    5717 |   0.0 |       0 |      31 |   0.0 |   793
          D:13 |       0 |    8700 |   0.0 |       0 |      63 |   0.0 |   704
          D:14 |       0 |   15793 |   0.0 |       0 |      53 |   0.0 |  1147
          D:15 |       0 |   16015 |   0.0 |       0 |      40 |   0.0 |   946
        Lair:1 |       0 |    2237 |   0.0 |       0 |      14 |   0.0 |   971
        Lair:2 |       0 |    8707 |   0.0 |       0 |      33 |   0.0 |   899
        Lair:3 |       0 |    3985 |   0.0 |       0 |      34 |   0.0 |   869
        Lair:4 |       0 |    9851 |   0.0 |       0 |      38 |   0.0 |  1176
        Lair:5 |       0 |   16453 |   0.0 |       0 |      71 |   0.0 |  1245
        Lair:6 |       0 |   23188 |   0.0 |       0 |      55 |   0.0 |  1208
      Shoals:1 |       0 |   16245 |   0.0 |       0 |      35 |   0.0 |   783
      Shoals:2 |       0 |    4482 |   0.0 |       0 |      11 |   0.0 |   618
      Shoals:3 |       0 |   16507 |   0.0 |       0 |      38 |   0.0 |   755
      Shoals:4 |       0 |   24824 |   0.0 |       0 |      48 |   0.0 |   954
      Spider:1 |       0 |   17955 |   0.0 |       0 |      52 |   0.0 |  1244
      Spider:2 |       0 |   16207 |   0.0 |       0 |      25 |   0.0 |   477
      Spider:3 |       0 |   22680 |   0.0 |       0 |      64 |   0.0 |   714
      Spider:4 |       0 |   26742 |   0.0 |       0 |      60 |   0.0 |  1029
         Orc:1 |       0 |    4285 |   0.0 |       0 |      49 |   0.0 |   503
         Orc:2 |       0 |   21451 |   0.0 |       0 |     121 |   0.0 |  1475
         Elf:1 |       0 |   31722 |   0.0 |       0 |      43 |   0.0 |   832
         Elf:2 |       0 |   33500 |   0.0 |       0 |      55 |   0.0 |   651
         Elf:3 |       0 |   68663 |   0.0 |       0 |      69 |   0.0 |  1171
      Vaults:1 |       0 |   44494 |   0.0 |       0 |      70 |   0.0 |  1339
      Vaults:2 |       0 |   73186 |   0.0 |       0 |     104 |   0.0 |  1499
      Vaults:3 |       0 |   63127 |   0.0 |       0 |      84 |   0.0 |  1386
      Vaults:4 |       0 |   62776 |   0.0 |       0 |     110 |   0.0 |  1422
      Vaults:5 |       0 |  150247 |   0.0 |       0 |     119 |   0.0 |  1752
      Depths:1 |       0 |   44728 |   0.0 |       0 |      51 |   0.0 |   710
      Depths:2 |       0 |   49549 |   0.0 |       0 |      48 |   0.0 |  1227
      Depths:3 |       0 |  104616 |   0.0 |       0 |     116 |   0.0 |  1457
      Depths:4 |       0 |   45149 |   0.0 |       0 |      57 |   0.0 |   764
      Depths:5 |       0 |   89939 |   0.0 |       0 |      82 |   0.0 |  1244
         Zot:1 |       0 |   44434 |   0.0 |       0 |      26 |   0.0 |   502
         Zot:2 |       0 |  124399 |   0.0 |       0 |      68 |   0.0 |   905
         Zot:3 |       0 |   36749 |   0.0 |       0 |      20 |   0.0 |   575
         Zot:4 |       0 |   81466 |   0.0 |       0 |      41 |   0.0 |  1065
         Zot:5 |       0 |  168292 |   0.0 |       0 |      58 |   0.0 |   874
       Abyss:2 |    1451 |       0 | 100.0 |       2 |       0 | 100.0 |   144
         IceCv |       0 |   11963 |   0.0 |       0 |      47 |   0.0 |   385
       Volcano |       0 |    4007 |   0.0 |       0 |      22 |   0.0 |   369
               +---------+---------+-------+---------+---------+-------+---------
